 Dungeon Sprint DCSS version 0.21-a0-414-gba8bdf1 (webtiles) character file.

12894 Kidiri the Fighter (level 11, -10/107 (108) HPs)
             Began as a Green Draconian Transmuter on Nov 2, 2017.
             Was a High Priest of Wu Jian.
             Mangled by a dire elephant (29 damage)
             ... in the Dungeon (Sprint III: "The Ten Rune Challenge").
             The game lasted 00:11:14 (1707 turns).

Kidiri the Fighter (Green Draconian Transmuter)     Turns: 1707, Time: 00:11:14

HP:   -10/107 (108) AC:  7    Str: 13    XL:     11   Next: 68%
MP:   16/21         EV: 18    Int: 14    God:    Wu Jian [*****.]
Gold: 32            SH:  0    Dex: 14    Spells: 12/28 levels left

rFire    . . .     SeeInvis .     - Unarmed
rCold    . . .     Gourm    .   (shield currently unavailable)
rNeg     . . .     Faith    .   (armour unavailable)
rPois    +         Spirit   .   (helmet restricted)
rElec    .         Reflect  .   (no cloak)
rCorr    .         Harm     .   (gloves currently unavailable)
MR       .....     NoTele   +   (no boots)
Stlth    ++........             (no amulet)
HPRegen  0.67/turn              (no ring)
MPRegen  0.17/turn              (no ring)

@: blade hands, glowing, heavenly storm
A: breathe noxious fumes, unfitting armour, hooves 2, stinger 1, low mp 1,
poison resistance, regeneration 1, cold-blooded, AC +7
a: Breathe Noxious Fumes, End Transformation, Serpent's Lash, Heavenly Storm,
Renounce Religion


You were in the Dungeon.
You worshipped Wu Jian.
Wu Jian was extremely pleased with you.
You were not hungry.
You had blades for hands.
You visited 1 branch You collected 32 gold pieces.

Inventory:

Hand Weapons
 h - a +0 long sword of holy wrath
 k - a +0 dagger
 m - a +0 dagger
 u - a +0 mace
 x - a +0 dagger
 z - a +0 dagger
 B - a +2 long sword of holy wrath
 D - a +0 dagger
 G - a +2 vampiric dagger
 I - a +0 shortbow
 J - a +0 shortbow
 K - a +0 shortbow
 N - a +0 great sword of pain
Missiles
 a - 68 arrows
 L - 4 javelins (quivered)
Armour
 l - a +0 robe
 v - a +0 robe
 y - a +0 robe
 A - a +0 robe
 E - a +0 robe
 H - a +2 robe of cold resistance
 M - a +0 ring mail
 O - a +0 scale mail
Wands
 C - a wand of random effects (29/48)
Scrolls
 e - 2 scrolls of immolation {unknown}
 i - a scroll of blinking
 o - 4 scrolls of identify
 p - 3 scrolls of remove curse
 s - a scroll of torment {unknown}
Potions
 d - 2 potions of curing
 f - a potion of haste
 g - 2 potions of magic
 j - 3 potions of mutation
 r - 3 potions of flight
 t - a potion of degeneration {unknown}
Books
 b - a book of Changes

   Spells                             Type                      Level
   a - Beastly Appendage              Transmutation                1
   b - Sticks to Snakes               Transmutation                2
   c - Spider Form                    Transmutation/Poison         3
   d - Ice Form                       Ice/Transmutation            4
   e - Blade Hands                    Transmutation                5
 w - a book of Misfortune

   Spells                             Type                      Level
   a - Confusing Touch                Hexes                        1
   b - Confuse                        Hexes                        3
   c - Gell's Gravitas                Translocation                3
   d - Petrify                        Transmutation/Earth          4
   e - Metabolic Englaciation         Hexes/Ice                    5
   f - Yara's Violent Unravelling     Hexes/Transmutation          5
Miscellaneous
 F - a phantom mirror
Comestibles
 c - 5 chunks of flesh
 n - a meat ration
 q - 29 royal jellies


   Skills:
 * Level 13.9 Fighting
 + Level 8.9 Dodging
 + Level 9.5 Stealth
 * Level 13.1 Unarmed Combat
 + Level 9.0 Spellcasting
 * Level 12.9 Transmutations
 + Level 8.0 Ice Magic
 + Level 9.7 Poison Magic


You had 12 spell levels left.
You knew the following spells:

 Your Spells              Type           Power        Failure   Level  Hunger
a - Beastly Appendage     Tmut           #####.       6%          1    None
b - Sticks to Snakes      Tmut           #####...     7%          2    None
c - Spider Form           Tmut/Pois      #####.....   10%         3    ##.....
d - Ice Form              Ice/Tmut       #####...     19%         4    ####...
e - Blade Hands           Tmut           #####.....   19%         5    #####..
f - Confusing Touch       Hex            #.....       50%         1    None


Dungeon Overview and Level Annotations

Branches:
Dungeon (1/1)

Altars:
Cheibriados
Dithmenos
Elyvilon
Fedhas
Gozag
Hepliaklqana
Kikubaaqudgha
Makhleb
Nemelex Xobeh
Okawaru
Qazlal
Ru
Sif Muna
Trog
Uskayaw
Vehumet
Wu Jian
Xom
Yredelemnul
Zin
The Shining One
Beogh
Jiyva
Lugonu

Annotations:
D exclusion: 5 doors, Gastronok


Innate Abilities, Weirdness & Mutations

You can breathe blasts of noxious fumes.
Your lurid green scales are hard. (AC +7)
You cannot fit into any form of body armour.
Your system is resistant to poisons. (rPois)
You are cold-blooded and may be slowed by cold attacks.
You have hoof-like feet.
Your tail ends in a poisonous barb.
Your magical capacity is low. (-10% MP)
Your natural rate of healing is unusually fast.


Message History

The elephant tramples you but does no damage.
The elephant completely misses you.
Unknown command.
You attack the elephant from above.
You slice the elephant!!
You kill the elephant!
The Council accepts your kill.
Your Ice Magic skill increases to level 8!
You attack the elephant from above.
You shred the elephant!!!
You kill the elephant!
The Council accepts your kill.
Your Spellcasting skill increases to level 9!
You attack Gastronok from above.
You shred Gastronok!!! You kick Gastronok!! You slash Gastronok!!
Gastronok is almost dead.
Gastronok completely misses you.
You attack the dire elephant from above.
You slash the dire elephant!
The dire elephant is severely wounded.
The dire elephant tramples you!!
You die...

▓.....#.≈≈≈≈≈.....#
▓.....#.≈≈≈.......#
▓'#####...........#
▓.................#
▓▓▓▓▓▓▓▓▓▓▓▓▓▓▓▓▓▓▓
▓...+≈.≈≈§§≈≈≈♣♣..
▓§§P#≈≈≈§§≈≈≈≈♣♣÷≈
▓§PP#≈.≈§§§≈≈.≈'..
▓@§§#≈≈≈§≈≈§≈≈♣♣♣♣
▓§Yw#≈≈§§§≈§≈≈♣
▓##Y####'#######♣
▓§§§§§§.........♣
▓#+#############+
.JJ# ▓.JJ+ ▓...#
▓...#


You could see Gastronok and 2 dire elephants.

Vanquished Creatures
  Rupert (D)
  Josephine (D)
  A centaur warrior (D)
  Urug (D)
  2 unseen horrors (D)
  A lindwurm (D)
  A deep elf mage (D)
  2 elephants (D)
  2 spiny frogs (D)
  A komodo dragon (D)
  A rime drake (D)
  3 wandering mushrooms (D)
  A queen bee (D)
  2 tyrant leeches (D)
  5 blink frogs (D)
  A shadow (D)
  3 redbacks (D)
  A spatial vortex (D)
  A swamp drake (D)
  A necrophage (D)
  2 centaurs (D)
  An earth elemental (D)
  A water elemental (D)
  32 killer bees (D)
  A jelly (D)
  Jessica (D)
  A wizard (D)
  A necromancer (D)
  3 humans (D)
  A kobold demonologist (D)
  An ooze (D)
  A phantom (D)
  2 rats (D)
80 creatures vanquished.

Vanquished Creatures (others)
  2 draconian scorchers (D)
  6 hellions (D)
  A yaktaur (D)
  4 plants (D)
13 creatures vanquished.

Grand Total: 93 creatures vanquished

Notes
Turn   | Place    | Note
-------+----------+-------------------------------------------
     0 | D        | Kidiri the Draconian Transmuter began the quest for the Orb.
     0 | D        | Reached XP level 1. HP: 16/16 MP: 3/3
    56 | D        | Killed a yaktaur
    98 | D        | Killed a hellion
   118 | D        | Killed a hellion
   128 | D        | Killed a white draconian scorcher
   131 | D        | Noticed Jessica
   139 | D        | Killed Jessica
   139 | D        | Reached skill level 1 in Stealth
   139 | D        | Reached XP level 2. HP: 26/26 MP: 2/5
   139 | D        | Reached XP level 3. HP: 31/31 MP: 2/7
   146 | D        | Killed a hellion
   147 | D        | Killed a hellion
   147 | D        | Killed a hellion
   156 | D        | Learned a level 2 spell: Sticks to Snakes
   160 | D        | Learned a level 3 spell: Spider Form
   222 | D        | Killed a white draconian scorcher
   238 | D        | Killed a hellion
   243 | D        | Gained mutation: You have large cloven feet. [potion of mutation]
   243 | D        | Gained mutation: You have hoof-like feet. [potion of mutation]
   244 | D        | Gained mutation: Your magical capacity is low. (-10% MP) [potion of mutation]
   244 | D        | Gained mutation: Your tail ends in a poisonous barb. [potion of mutation]
   244 | D        | Gained mutation: Your natural rate of healing is unusually fast. [potion of mutation]
   291 | D        | Noticed a water elemental
   300 | D        | Killed a water elemental
   300 | D        | Reached skill level 5 in Unarmed Combat
   300 | D        | Reached XP level 4. HP: 41/41 MP: 4/8
   337 | D        | Found an ornate altar of the Wu Jian Council.
   337 | D        | Found an iron altar of Okawaru.
   338 | D        | Found a roughly hewn altar of Beogh.
   338 | D        | Found a bloodstained altar of Trog.
   338 | D        | Found a hide-covered altar of Uskayaw.
   338 | D        | Noticed a human
   338 | D        | Noticed a human
   340 | D        | Became a worshipper of the Wu Jian Council
   353 | D        | Killed a human
   353 | D        | Reached XP level 5. HP: 27/51 MP: 6/10
   357 | D        | Killed a human
   357 | D        | Reached XP level 6. HP: 34/60 MP: 6/11
   370 | D        | Learned a level 4 spell: Ice Form
   423 | D        | Found a radiant altar of Vehumet.
   424 | D        | Found a deep blue altar of Sif Muna.
   424 | D        | Found an ancient bone altar of Kikubaaqudgha.
   425 | D        | Noticed an ice devil
   427 | D        | Reached * piety under Wu Jian
   476 | D        | Found a glowing silver altar of Zin.
   477 | D        | Found a glowing golden altar of the Shining One.
   477 | D        | Found a white marble altar of Elyvilon.
   477 | D        | Noticed a deep elf mage
   489 | D        | Killed a deep elf mage
   489 | D        | Reached skill level 5 in Dodging
   489 | D        | Reached skill level 5 in Stealth
   489 | D        | Reached skill level 5 in Spellcasting
   489 | D        | Your scales start taking on a lurid green colour.
   489 | D        | Reached XP level 7. HP: 42/69 MP: 9/13
   489 | D        | Gained mutation: Your system is resistant to poisons. (rPois) [Green Draconian growth]
   539 | D        | Learned a level 5 spell: Blade Hands
   546 | D        | Found a basalt altar of Yredelemnul.
   546 | D        | Found a shadowy altar of Dithmenos.
   546 | D        | Found a sacrificial altar of Ru.
   549 | D        | Reached ** piety under Wu Jian
   588 | D        | Noticed a shadow
   591 | D        | Killed a shadow
   591 | D        | Reached XP level 8. HP: 77/77 MP: 8/14
   603 | D        | Found a blossoming altar of Fedhas.
   603 | D        | Found a stormy altar of Qazlal.
   603 | D        | Found a snail-covered altar of Cheibriados.
   603 | D        | Found a burning altar of Makhleb.
   603 | D        | Found a shimmering altar of Xom.
   605 | D        | Found a hazy altar of Hepliaklqana.
   605 | D        | Found an opulent altar of Gozag.
   605 | D        | Found a sparkling altar of Nemelex Xobeh.
   605 | D        | Found a corrupted altar of Lugonu.
   605 | D        | Found a viscous altar of Jiyva.
   611 | D        | Reached *** piety under Wu Jian
   668 | D        | Noticed Josephine
   676 | D        | Killed Josephine
   676 | D        | Reached skill level 10 in Fighting
   676 | D        | Reached skill level 5 in Poison Magic
   676 | D        | Reached XP level 9. HP: 84/84 MP: 11/16
   715 | D        | Learned a level 1 spell: Confusing Touch
   808 | D        | Noticed a centaur warrior
   813 | D        | Reached **** piety under Wu Jian
   817 | D        | Killed a centaur warrior
   817 | D        | Reached skill level 10 in Unarmed Combat
   817 | D        | Reached skill level 10 in Transmutations
   817 | D        | Reached skill level 5 in Ice Magic
   894 | D        | Killed an unseen horror
   928 | D        | Killed an unseen horror
   964 | D        | Reached XP level 10. HP: 95/95 MP: 13/18
   965 | D        | Reached ***** piety under Wu Jian
  1000 | D        | Reached ****** piety under Wu Jian
  1308 | D        | Noticed a spiny frog
  1308 | D        | Noticed a spiny frog
  1310 | D        | Killed a spiny frog
  1310 | D        | Killed a spiny frog
  1394 | D        | Noticed a lindwurm
  1413 | D        | Killed a lindwurm
  1413 | D        | Reached XP level 11. HP: 53/105 MP: 18/20
  1552 | D        | Noticed Urug
  1557 | D        | Killed Urug
  1676 | D        | Noticed Rupert
  1682 | D        | Killed Rupert
  1691 | D        | Noticed an azure jelly
  1691 | D        | Noticed an azure jelly
  1691 | D        | Noticed an azure jelly
  1691 | D        | Noticed an azure jelly
  1697 | D        | Noticed a dire elephant
  1697 | D        | Noticed a dire elephant
  1697 | D        | Noticed Gastronok
  1707 | D        | Mangled by a dire elephant

Vault maps used:
D:        dungeon_sprint_mu

Skill      XL: |  1  2  3  4  5  6  7  8  9 10 11 |
---------------+----------------------------------+-----
Fighting       | 3 4 6 7 8 9 10 11 12 13 | 13.9
Dodging        | 2 3 4 5 6 7 8 |  8.9
Stealth        | 1 2 3 4 5 6 7 8 9 |  9.5
Unarmed Combat | 4 5 6 7 8 9 10 12 13 | 13.1
Transmutations | 3 4 6 8 9 10 11 12 | 12.9
Spellcasting   | 3 4 5 6 7 8 9 |  9.0
Ice Magic      | 2 3 4 5 6 8 |  8.0
Poison Magic   | 3 5 6 8 9 |  9.7

Action                   |  1- 3 |  4- 6 |  7- 9 | 10-12 || total
-------------------------+-------+-------+-------+-------++-------
Melee: Unarmed           |    38 |    32 |    42 |   158 ||   270
       Kick              |     4 |       |     4 |    21 ||    29
       Punch             |     1 |       |     3 |     4 ||     8
       Tailslap          |     4 |       |     6 |     7 ||    17
       Headbutt          |     2 |       |       |       ||     2
 Cast: Beastly Appendage |     5 |       |       |       ||     5
       Spider Form       |     1 |     3 |       |     3 ||     7
       Sticks to Snakes  |     1 |       |       |       ||     1
       Blade Hands       |       |       |     7 |     7 ||    14
       Ice Form          |       |       |     2 |       ||     2
       Confusing Touch   |       |       |     1 |     3 ||     4
Invok: Heavenly Storm    |       |       |       |     3 ||     3
       Serpent's Lash    |       |       |       |     2 ||     2
 Abil: Breathe Noxious F |       |       |       |     2 ||     2
  Use: Potion            |     3 |     1 |       |       ||     4
 Stab: Sleeping          |       |       |     3 |     7 ||    10
       Confused          |       |       |     1 |     3 ||     4
  Eat: Chunk             |       |       |     3 |     1 ||     4
       Bread ration      |       |       |       |     1 ||     1
Armor: Skin              |     5 |       |     5 |    19 ||    29
Dodge: Dodged            |    20 |    30 |    15 |    98 ||   163

Table legend:
 A = Spawn XP
 B = Non-spawn XP
 C = Spawn XP percentage of total XP
 D = Spawn monster count
 E = Non-spawn monster count
 F = Spawn count percentage of total count
 G = Total turns spent on level
                    A         B        C        D         E        F      G
               +---------+---------+-------+---------+---------+-------+---------
         Total |       0 |   18420 |   0.0 |       0 |      80 |   0.0 |  1707
               +---------+---------+-------+---------+---------+-------+---------
             D |       0 |   18420 |   0.0 |       0 |      80 |   0.0 |  1707
               +---------+---------+-------+---------+---------+-------+---------
